 Dungeon Crawl Stone Soup version 0.29.0-4-gdea44cf6ec (webtiles) character file.

Game seed: 16781130682186159039

161 qw the Ruffian (level 5, -2/50 HPs)
             Began as a Troll Cinder Acolyte on Sept 1, 2022.
             Was a High Priest of Ignis.
             Slain by a small abomination (11 damage)
             ... on level 1 of the Abyss.
             The game lasted 00:01:17 (1641 turns).

qw the Ruffian (Troll Cinder Acolyte)               Turns: 1641, Time: 00:01:17

Health: -2/50      AC: 14    Str: 24    XL:     5   Next: 19%
Magic:  5/5        EV:  9    Int: 10    God:    Ignis [*****.]
Gold:   180        SH:  0    Dex:  5    Spells: 6/6 levels left

rFire   + . .      SeeInvis .     - Unarmed
rCold   . . .      Faith    .   (no shield)
rNeg    . . .      Spirit   .   f - +2 robe {Archmagi}
rPois   +          Reflect  .   (helmet restricted)
rElec   .          Harm     .   c - +0 cloak {rPois}
rCorr   +          Rampage  .   (gloves unavailable)
Will    .....      Archmagi +   (boots unavailable)
Stlth   +.........              (no amulet)
HPRegen 0.96/turn               a - ring of resist corrosion
MPRegen 0.09/turn               (no ring)

@: fiery-armoured
A: large, unfitting armour, claws 3, regeneration 1, shaggy fur 1, tough skin 1
a: Renounce Religion, Fiery Armour, Foxfire Swarm, Rising Flame


You were on level 1 of the Abyss.
You worshipped Ignis.
Ignis was extremely pleased with you.
You visited 1 branch of the dungeon, and saw 3 of its levels.
You visited the Abyss 1 time.
You also visited: Sewer.

You collected 180 gold pieces.


Innate Abilities, Weirdness & Mutations

You are too large for most types of armour.
You have claws for hands.
Your natural rate of healing is unusually fast.
You are covered in fur. (AC +1)
You have tough skin. (AC +1)


   Skills:
 - Level 2.4 Fighting
 + Level 5.9 Unarmed Combat
 - Level 1.0 Spellcasting
 - Level 2.1 Fire Magic


You had 6 spell levels left.
You didn't know any spells.
Your spell library contained the following spells:

 Spells                   Type           Power      Damage    Failure   Level
 Scorch                   Fire           14%        2d5       22%         2

Inventory:

Armour
 c - a +0 cloak of poison resistance (worn)
 f - a +2 robe of the Archmagi (worn)
Jewellery
 a - a ring of resist corrosion (left claw)
Scrolls
 i - a scroll of identify
Potions
 b - a potion of mutation {unknown}
 d - a potion of curing {unknown}
 e - a potion of attraction {unknown}
 g - a potion of cancellation
 h - a potion of ambrosia {unknown}

Dungeon Overview and Level Annotations

Branches:
Dungeon (3/15)              Sewer (visited)

Altars:
Qazlal
Ru

Annotations:
D:3 2 runed translucent doors, Hacoqeev's ghost, amateur TeWr


Message History

Killing monsters will force the Abyss to allow you passage.
This branch contains the abyssal rune of Zot.
1622 ||| READING scroll labelled JACWOA BANOCIE.
Blink to where?
Press: ? - help, Dir - move target, f - you Are you sure you want to cancel this blink?
As you read the scroll labelled JACWOA BANOCIE, it crumbles to dust.
It was a scroll of blinking.
A small abomination comes into view.
You enter the shallow water.
Moving in this stuff is going to be slow.
A small abomination comes into view.
The small abomination hits you!
You scratch the small abomination.
The small abomination is moderately damaged.
The small abomination hits you! The small abomination hits you!!
1635 ||| INVOKING Fiery Armour.
A protective cloak of flame settles atop you.
The small abomination hits you but does no damage.
1636 ||| Stepping ~*~*~tactically~*~*~ (outnumbered).
The small abomination attacks as you move away!
The small abomination closely misses you.
1637 ||| Stepping ~*~*~tactically~*~*~ (outnumbered).
The small abomination attacks as you move away!
The small abomination hits you but does no damage.
Found a corrupted altar of Lugonu.
You closely miss the small abomination.
The small abomination barely misses you.
You barely miss the small abomination. The small abomination hits you.
The small abomination is burned by your cloak of flames.
The small abomination is lightly damaged.
The small abomination barely misses you.
You scratch the small abomination.
The small abomination is moderately damaged.
The small abomination hits you!
You scratch the small abomination but do no damage.
The small abomination is moderately damaged.
The small abomination hits you!
You die...

...#### .#.#.~~~
.~..............
....~......~. .
.#...
~...~...~~. ...
#.....~~~~.~.
#_.##.~...~.~~~.
#....#...~~~~~~.
#~..#x.~~~.~. #.
#@#~~~~~~~.
###..~~~~.~
~~.~~~~~~~~~~ .
# ##.~~~~.~.
~~~....~.
~~~~~~~ ~
.~~~~~~~. ~~.~~
~~~. #.~..~..~ ~


You could see a small abomination.

Vanquished Creatures
  Jessica (D:2)
  A river rat (Sewer)
  6 adders
  2 dart slugs
  4 orcs (D:3)
  4 ball pythons
  6 bats
  An endoplasm (D:2)
  5 giant cockroaches (D:3)
  6 goblins
  7 hobgoblins
  A jackal (Sewer)
  4 quokkas
  5 frilled lizards
  6 kobolds
  3 rats
62 creatures vanquished.

Vanquished Creatures (others)
  3 plants (Sewer)
3 creatures vanquished.

Grand Total: 65 creatures vanquished

Notes
Turn   | Place    | Note
-------+----------+-------------------------------------------
     0 | D:1      | qw the Troll Cinder Acolyte began the quest for the Orb.
     0 | D:1      | Reached XP level 1. HP: 22/22 MP: 1/1
     0 | D:1      | 0 ||| qw: Version: 0.1-a-97-g2dd2ca4
     0 | D:1      | 0 ||| qw: Game counter: 4880
     0 | D:1      | 0 ||| qw: Always use a shield: true
     0 | D:1      | 0 ||| qw: God list: Okawaru
     0 | D:1      | 0 ||| qw: Allow faded altars: false
     0 | D:1      | 0 ||| qw: Do Orc after D:15 true
     0 | D:1      | 0 ||| qw: Do second Lair branch before Depths: true
     0 | D:1      | 0 ||| qw: Lair rune preference: random
     0 | D:1      | 0 ||| qw: Plans: Normal
     0 | D:1      | 0 ||| PLANNING D:1-11
   147 | D:1      | Reached XP level 2. HP: 29/29 MP: 2/2
   395 | D:1      | 395 ||| UPGRADING to +0 cloak of poison resistance.
   400 | D:1      | 400 ||| READING scroll labelled KIYPSUFIPP.
   415 | D:1      | 415 ||| READING 2 scrolls labelled EPONAGH NUOWEA.
   416 | D:1      | 416 ||| READING scroll labelled GULYJA OM CYGH.
   417 | D:1      | 417 ||| DRINKING 2 smoky green potions.
   418 | D:1      | 418 ||| DROPPING scroll of fear.
   613 | D:2      | 613 ||| FLEEEEING.
   614 | D:2      | 614 ||| FLEEEEING.
   616 | D:2      | 616 ||| Stepping ~*~*~tactically~*~*~ (hiding).
   617 | D:2      | 617 ||| Stepping ~*~*~tactically~*~*~ (hiding).
   632 | D:2      | Reached skill level 4 in Unarmed Combat
   715 | D:2      | Found a faded altar of an unknown god.
   865 | D:2      | Reached XP level 3. HP: 36/36 MP: 3/3
   893 | D:2      | Noticed Jessica
   896 | D:2      | Killed Jessica
  1017 | D:2      | 1017 ||| UPGRADING to +2 robe of the Archmagi.
  1027 | D:2      | 1027 ||| DROPPING +0 robe.
  1028 | D:2      | 1028 ||| READING scroll labelled SES KAXKOECW.
  1037 | D:3      | Found a sacrificial altar of Ru.
  1038 | D:3      | 1038 ||| PLANNING SEWER
  1112 | D:3      | 1112 ||| Stepping randomly (stuck).
  1133 | D:3      | Found a stormy altar of Qazlal.
  1171 | D:3      | Reached skill level 5 in Unarmed Combat
  1171 | D:3      | Reached XP level 4. HP: 44/44 MP: 4/4
  1256 | D:3      | 1256 ||| Stepping ~*~*~tactically~*~*~ (stealth).
  1262 | D:3      | 1262 ||| Stepping ~*~*~tactically~*~*~ (stealth).
  1267 | D:3      | 1267 ||| Stepping ~*~*~tactically~*~*~ (outnumbered).
  1268 | D:3      | 1268 ||| Stepping ~*~*~tactically~*~*~ (outnumbered).
  1269 | D:3      | 1269 ||| Stepping ~*~*~tactically~*~*~ (outnumbered).
  1273 | D:3      | 1273 ||| Stepping ~*~*~tactically~*~*~ (outnumbered).
  1277 | D:3      | 1277 ||| Stepping ~*~*~tactically~*~*~ (outnumbered).
  1278 | D:3      | 1278 ||| Stepping ~*~*~tactically~*~*~ (outnumbered).
  1279 | D:3      | 1279 ||| Stepping ~*~*~tactically~*~*~ (outnumbered).
  1280 | D:3      | 1280 ||| Stepping ~*~*~tactically~*~*~ (outnumbered).
  1281 | D:3      | 1281 ||| Stepping ~*~*~tactically~*~*~ (outnumbered).
  1282 | D:3      | 1282 ||| Stepping ~*~*~tactically~*~*~ (outnumbered).
  1283 | D:3      | 1283 ||| Stepping ~*~*~tactically~*~*~ (outnumbered).
  1284 | D:3      | 1284 ||| Stepping ~*~*~tactically~*~*~ (outnumbered).
  1285 | D:3      | 1285 ||| Stepping ~*~*~tactically~*~*~ (outnumbered).
  1378 | D:3      | Found a runed translucent door.
  1379 | D:3      | Noticed Hacoqeev's ghost (amateur TeWr)
  1379 | D:3      | Noticed a bullfrog
  1381 | D:3      | Found a glowing drain.
  1382 | D:3      | 1382 ||| UPGRADING to ring of resist corrosion.
  1383 | D:3      | 1383 ||| READING 2 scrolls labelled BUGOGI WOGILA.
  1410 | D:3      | Found a runed translucent door.
  1484 | Sewer    | Entered a sewer
  1513 | Sewer    | 1513 ||| Stepping ~*~*~tactically~*~*~ (stealth).
  1516 | Sewer    | Reached XP level 5. HP: 50/50 MP: 5/5
  1621 | Abyss:1  | Cast into level 1 of the Abyss (kobold brigand)
  1622 | Abyss:1  | 1622 ||| READING scroll labelled JACWOA BANOCIE.
  1630 | Abyss:1  | Noticed a small abomination
  1631 | Abyss:1  | Noticed a small abomination
  1635 | Abyss:1  | 1635 ||| INVOKING Fiery Armour.
  1636 | Abyss:1  | 1636 ||| Stepping ~*~*~tactically~*~*~ (outnumbered).
  1637 | Abyss:1  | 1637 ||| Stepping ~*~*~tactically~*~*~ (outnumbered).
  1637 | Abyss:1  | Found a corrupted altar of Lugonu.
  1640 | Abyss:1  | HP: 8/50 [small abomination (13)]
  1641 | Abyss:1  | Slain by a small abomination

Levels and vault maps discovered:
D:1:      dpeg_arrival_simpleton_b, layout_rooms
D:2:      layout_loops_cross, chequers_ecumenical_altar_grove, uniq_jessica
D:3:      layout_rooms, marbit_many_paths, lightli_temple_of_fire,
          nicolae_qazlal_general_emergency, mainiacjoe_overflow_alcove_1,
          gup_sewer_entry_glass, ebering_ghost_sewer_f, glass_columns_b
Abyss:1:  base: Sewer, minivault_28, bh_abyss_xom_lugonu_altar
Sewer:    sewer_co_scattered_pipes

Skill      XL: |  1  2  3 |
---------------+----------+-----
Unarmed Combat | 4 5 |  5.9
Fighting       | |  2.4
Spellcasting   | |  1.0
Fire Magic     | |  2.1

Action                   |  1- 3 |  4- 6 || total
-------------------------+-------+-------++-------
Melee: Unarmed           |    86 |    71 ||   157
       Punch             |       |     2 ||     2
Invok: Fiery Armour      |       |     1 ||     1
  Use: Scroll            |     4 |     2 ||     6
       Potion            |     1 |       ||     1
Armor: Robe              |    28 |    19 ||    47
Dodge: Dodged            |    30 |    22 ||    52

Table legend:
 A = Non-vault XP
 B = Vault XP
 C = Vault XP percentage of total XP
 D = Non-vault monster count
 E = Vault monster count
 F = Vault count percentage of total count
                 A         B        C        D         E       F
            +---------+---------+-------+---------+---------+-------
      Total |     112 |     119 |  51.5 |      46 |      16 |  25.8
            +---------+---------+-------+---------+---------+-------
        D:1 |      22 |       0 |   0.0 |      13 |       0 |   0.0
        D:2 |      21 |      37 |  63.8 |      11 |       1 |   8.3
        D:3 |      69 |      22 |  24.2 |      22 |       5 |  18.5
      Sewer |       0 |      60 | 100.0 |       0 |      10 | 100.0
            +---------+---------+-------+---------+---------+-------
